 Dungeon Crawl Stone Soup version 0.32-a0-571-gec57dfcd37 (webtiles) character file.

Game seed: 4255435518347350408

42 Aneyh the Ducker (level 3, 0/23 HPs)
             Began as a Tengu Monk on Feb 29, 2024.
             Slain by Terence
             ... wielding a +0 flail
              (8 damage)
             ... on level 2 of the Dungeon.
             The game lasted 00:02:48 (1365 turns).

Aneyh the Ducker (Tengu Monk)                       Turns: 1365, Time: 00:02:49

Health: 0/23       AC:  2    Str: 11    XL:     3   Next: 56%
Magic:  4/4        EV: 14    Int: 12    God:
Gold:   63         SH:  0    Dex: 16    Spells: 2/2 levels left

rFire   . . .        a - +0 spear
rCold   . . .        (no shield)
rNeg    . . .        n - +0 robe
rPois   .            (helmet restricted)
rElec   .            (no cloak)
rCorr   .            (no gloves)
SInv    .            (boots unavailable)
Will    +....        (no amulet)
Stlth   +            o - ring of willpower
HPRegen 0.23/turn    (no ring)
MPRegen 0.09/turn

%: acrobat
@: no status effects
A: beak, talons 3, acrobatic
a: no special abilities


You were on level 2 of the Dungeon.
You visited 1 branch of the dungeon, and saw 2 of its levels.

You collected 63 gold pieces.

Inventory:

Hand Weapons
 a - a +0 spear (weapon)
 b - a +0 sling
Missiles
 p - 5 javelins
Armour
 d - an orb of light
 f - a +0 ring mail
 h - a +0 leather armour
 n - a +0 robe (worn)
Jewellery
 o - a ring of willpower (left hand)
Scrolls
 e - 3 scrolls of identify {unknown}
 k - a scroll of fear {unknown}
 m - a scroll of noise {unknown}
Potions
 i - 3 potions of curing {unknown}
 j - 2 potions of might {unknown}
 l - a potion of resistance {unknown}
 q - 2 potions of heal wounds {unknown}


   Skills:
 - Level 3.0 Fighting
 + Level 3.9 Polearms
 * Level 4.2 Dodging
 * Level 1.3 Summonings


You had 2 spell levels left.
You didn't know any spells.
Your spell library contained the following spells:

 Spells                   Type           Power      Damage    Failure   Level
 Apportation              Tloc           0%         N/A       32%         1
 Jinxbite                 Hex            0%         N/A       45%         2
 Alistair's Intoxication  Alch           0%         N/A       100%        5
 Summon Forest            Summ/Tloc      0%         N/A       100%        5
 Eringya's Noxious Bog    Alch           0%         4d6       100%        6
 Summon Hydra             Summ           1%         N/A       100%        7


Dungeon Overview and Level Annotations

Branches:
Dungeon (2/15)

Altars:

Annotations:
D:2 Terence


Innate Abilities, Weirdness & Mutations

You have a beak for a mouth.
You have claws for feet.
You can magically evade attacks while moving or waiting.


Message History

The quokka bites you.
Unknown command.
Reach: a) +0 spear
Press: ? - help, Dir - move target, f/p - Terence
Aim: Terence, wielding a +0 flail and wearing a +0 scale mail (moderately wounded, about 32% to evade your +0 spear)
The quokka is in the way.
You hit the quokka. You claw the quokka.
You kill the quokka!
Unknown command.
You are confused.
You feel invigorated. Terence hits you with a +0 flail!
* * * LOW HITPOINT WARNING * * *
Unknown command.
You bump into the rock wall.
Terence hits you but does no damage.
There is an open door here.
You closely miss Terence. You claw Terence.
Terence is severely wounded.
Terence misses you.
You bump into the rock wall.
Terence hits you with a +0 flail!
You bump into the rock wall.
Terence hits you with a +0 flail!
You bump into the rock wall.
Terence closely misses you.
You bump into the rock wall.
Terence misses you.
You bump into the rock wall.
You feel less invigorated.
You feel less confused. Terence hits you with a +0 flail.
You hit Terence. You claw Terence. You peck Terence, but do no damage.
Terence is almost dead.
Terence closely misses you.
You barely miss Terence.
Terence is almost dead.
Terence says, "Don't bother to defend, it's pointless."
Terence hits you with a +0 flail.
You hit Terence but do no damage.
Terence is almost dead.
Terence hits you with a +0 flail.
You hit Terence but do no damage. Your kick misses Terence.
Terence is almost dead.
Terence looks scornfully at you. Terence hits you with a +0 flail!
You die...
Terence says, "That felt goooood."

.....###...#...##.#
....#.....#...##.#
.(.......+...##.#
#).......#...##.#
####.....++#<.......
#...#....#..........
#$#†#....#...#####.# #
#@#...#...........
#######@##.....######...
#≈≈≈≈≈#..#.....# #.#.
#≈...≈#..#.....# ###.#.
#≈...≈#........####...#.
#≈...≈#+##........#...#.
######≈#.#≈#######..####.#.#.
#≈≈≈≈≈≈#.#≈≈≈≈≈≈#........#.#.
###≈...###.###...≈#.#.####.#...
#.'...|...........'.#......####


You could see Terence.

Vanquished Creatures
  An adder (D:2)
  2 dart slugs
  2 ball pythons
  An endoplasm (D:1)
  2 giant cockroaches (D:1)
  A goblin (D:1)
  3 hobgoblins
  6 kobolds
  3 quokkas (D:2)
  3 bats (D:1)
  4 rats
28 creatures vanquished.

Notes
Turn   | Place    | Note
-------+----------+-------------------------------------------
     0 | D:1      | Aneyh the Tengu Monk began the quest for the Orb.
     0 | D:1      | Reached XP level 1. HP: 14/14 MP: 2/2
   165 | D:1      | Reached XP level 2. HP: 19/19 MP: 3/3
   873 | D:2      | Found a faded altar of an unknown god.
   938 | D:2      | Reached skill level 1 in Summonings
   988 | D:2      | Reached skill level 4 in Dodging
   988 | D:2      | Reached XP level 3. HP: 16/23 MP: 4/4
  1335 | D:2      | Noticed Terence
  1365 | D:2      | Slain by Terence

Illustrated notes

Levels and vault maps discovered:
D:1:      spicycebolla_green_bress_n_ham, layout_loops_corners
D:2:      layout_basic, nicolae_ecumenical_oubliette, grunt_ministairs_10,
          kennysheep_minor_cross, grunt_decor_arrowhead, amethyst_killhole,
          minmay_misc_feat_doors, uniq_robin, uniq_terence

Skill      XL: |  1  2 |
---------------+-------+-----
Summonings     | 1 |  1.3
Dodging        | 4 |  4.2
Fighting       | |  3.0
Polearms       | |  3.9

Action                     || total
---------------------------++-------
  Melee: Spear             ||    93
         Kick              ||    20
         Peck              ||     9
   Fire: Sling             ||     1
  Throw: Throwing net      ||     2
    Use: Potion            ||     1
   Stab: Sleeping          ||     2
 Armour: Robe              ||    35
  Dodge: Dodged            ||    45

Table legend: (Time is in decaauts)
 A = Elapsed time spent in this place.
 B = Non-inter-level travel time spent in this place.
 C = Inter-level travel time spent in this place.
 D = Time resting spent in this place.
 E = Time spent auto-exploring this place.
 F = Levels seen in this place.
 G = Mean time per level.
                   A        B        C        D        E       F      G
               +--------+--------+--------+--------+--------+-----+--------+
         Total |   1356 |   1310 |     46 |      0 |   1052 |   2 |  678.0 |
       Dungeon |   1356 |   1310 |     46 |      0 |   1052 |   2 |  678.0 |
               +--------+--------+--------+--------+--------+-----+--------+

Top non-repeatable levels by time:
     D:1: 904 daAuts
     D:2: 452 daAuts
